 Dungeon Crawl Stone Soup version 0.24.0-125-gc4c63601f3 (webtiles) character file.

Game seed: 11612164977286054122, levelgen mode: deterministic

857 Curus the Spear-Bearer (level 7, -1/56 HPs)
             Began as a Minotaur Gladiator on Feb 19, 2020.
             Slain by a hound (5 damage)
             ... on level 4 of the Dungeon.
             The game lasted 00:15:51 (3047 turns).

Curus the Spear-Bearer (Minotaur Gladiator)         Turns: 3047, Time: 00:15:52

Health: -1/56      AC:  5    Str: 19    XL:     7   Next: 70%
Magic:  6/6        EV: 12    Int:  7    God:
Gold:   353        SH:  0    Dex: 11    Spells: 6/6 levels left

rFire    . . .     SeeInvis +   a - +1 trident
rCold    . . .     Gourm    .   (no shield)
rNeg     . . .     Faith    .   b - +1 leather armour
rPois    .         Spirit   .   c - +1 hat
rElec    .         Reflect  .   (no cloak)
rCorr    .         Harm     .   (no gloves)
MR       +....                  (no boots)
Stlth    +.........             (no amulet)
HPRegen  0.18/turn              s - ring of see invisible
MPRegen  0.10/turn              j - ring of protection from magic

@: no status effects
A: retaliatory headbutt, horns 2
a: no special abilities


You were on level 4 of the Dungeon.
You were very hungry.

You visited 1 branch of the dungeon, and saw 5 of its levels.

You collected 353 gold pieces.

Inventory:

Hand Weapons
 a - a +1 trident (weapon)
Missiles
 d - 2 throwing nets (quivered)
Armour
 b - a +1 leather armour (worn)
 c - a +1 hat (worn)
Jewellery
 e - a +3 ring of evasion
 i - an uncursed ring of flight
 j - a ring of protection from magic (right hand)
 k - an uncursed ring of protection from fire
 n - an uncursed ring of positive energy
 s - a ring of see invisible (left hand)
Wands
 m - a wand of acid (19)
 t - a wand of iceblast (14)
Scrolls
 g - 5 scrolls of remove curse
 h - 2 scrolls of amnesia
 l - a scroll of fear
 o - 5 scrolls of identify
 r - 2 scrolls of teleportation
Potions
 p - a potion of might
 q - 2 potions of agility
Comestibles
 f - 5 rations


   Skills:
 - Level 2.4 Fighting
 + Level 11.0 Polearms
 - Level 2.0 Throwing
 - Level 3.2 Dodging


You had 6 spell levels left.
You didn't know any spells.
Your spell library contained the following spells:

 Spells                   Type           Power        Failure   Level  Hunger
 Animate Skeleton         Necr           N/A          50%         1    ##.....
 Apportation              Tloc           #.....       50%         1    ##.....
 Confusing Touch          Hex            #.....       50%         1    ##.....
 Summon Small Mammal      Summ           #...         50%         1    ##.....


Dungeon Overview and Level Annotations

Branches:
Dungeon (5/15)
 Temple: D:4-7

Altars:
Qazlal
Vehumet
The Shining One

Annotations:
D:5 exclusion: statue


Innate Abilities, Weirdness & Mutations

You reflexively headbutt those who attack you in melee.
You have a pair of horns on your head.


Message History

Aim: a hound (moderately wounded)
You throw a throwing net. The throwing net hits the hound.
The hound is caught in the net!
The hound is moderately wounded.
The hound struggles against the net. x2
You hit the hound.
The hound is moderately wounded.
The hound struggles against the net.
You hit the hound.
The hound is heavily wounded.
The hound struggles against the net.
You strike the helpless hound from behind!
You hit the hound.
The hound is severely wounded.
The hound struggles against the net.
The net rips apart, and the hound comes free!
You closely miss the hound.
The hound is severely wounded.
The hound bites you.
You die...

.................# ##............
.................## ##...........
..........##......###............
........####...#...#...........).
........# #..###...##........##..
##......####.# ###..#......###.#.
##.......##..## ##.............#.
.#.##...###...###....#.......#.#.
...###.## #....#@....#..#....#...
....#...####....h.....########..#
....#...#.##..........# ##.#
....................### ###
#.....##.#.........##
###...#####......### #####
#....#.# ##..#### ####


You could see a hound.

Vanquished Creatures
  Sigmund (D:3)
  A necrophage (D:5)
  An ogre (D:5)
  A scorpion (D:5)
  A crimson imp (D:5)
  2 hounds (D:5)
  An iguana (D:4)
  Natasha (D:4)
  3 worker ants
  A hound zombie (D:5)
  A hound skeleton (D:5)
  7 adders
  4 gnolls (D:3)
  A shadow imp (D:5)
  An ooze (D:4)
  4 worms
  7 dart slugs
  2 leopard geckos
  8 orcs
  2 ball pythons
  7 bats
  5 giant cockroaches
  10 goblins
  10 hobgoblins
  7 jackals
  8 kobolds
  2 quokkas
  4 frilled lizards
  A jackal skeleton (D:5)
  8 rats
112 creatures vanquished.

Notes
Turn   | Place    | Note
-------+----------+-------------------------------------------
     0 | D:1      | Curus the Minotaur Gladiator began the quest for the Orb.
     0 | D:1      | Reached XP level 1. HP: 18/18 MP: 0/0
    14 | D:1      | Reached skill level 4 in Polearms
    61 | D:1      | Reached XP level 2. HP: 21/25 MP: 1/1
   289 | D:1      | Reached skill level 5 in Polearms
   366 | D:1      | Reached XP level 3. HP: 30/30 MP: 2/2
   457 | D:1      | Found a glowing golden altar of the Shining One.
   777 | D:2      | Reached skill level 6 in Polearms
   777 | D:2      | Reached XP level 4. HP: 12/37 MP: 3/3
  1435 | D:3      | Reached XP level 5. HP: 30/42 MP: 4/4
  1471 | D:3      | Reached skill level 7 in Polearms
  1743 | D:3      | Noticed Sigmund
  1751 | D:3      | Killed Sigmund
  1751 | D:3      | Reached skill level 8 in Polearms
  1751 | D:3      | Reached XP level 6. HP: 24/50 MP: 5/5
  2120 | D:4      | Reached skill level 9 in Polearms
  2137 | D:4      | Noticed Natasha
  2147 | D:4      | Killed Natasha
  2659 | D:5      | Entered Level 5 of the Dungeon
  2674 | D:5      | Found a stormy altar of Qazlal.
  2693 | D:5      | Reached XP level 7. HP: 45/56 MP: 6/6
  2777 | D:5      | Reached skill level 10 in Polearms
  2956 | D:5      | Reached skill level 11 in Polearms
  2966 | D:5      | Found a radiant altar of Vehumet.
  3047 | D:4      | Slain by a hound

Levels and vault maps discovered:
D:1:      mrwooster_arrival_statue_3, layout_basic, tso_metal_star
D:2:      layout_basic, hex_large, minmay_misc_feat_room
D:3:      layout_basic, uniq_sigmund
D:4:      layout_cave_pools, first_ration, kennysheep_cluttered_room,
          uniq_natasha
D:5:      layout_basic, vehumet_statue, lemuel_coloured_pillars_altar,
          kiku_gazebo_garden_becter, basic_altar,
          minmay_fractal_squares_gapless_5

Skill      XL: |  1  2  3  4  5  6  7 |
---------------+----------------------+-----
Polearms       | 4 5 6 8 9 11 | 11.0
Fighting       | |  2.4
Throwing       | |  2.0
Dodging        | |  3.2

Action                   |  1- 3 |  4- 6 |  7- 9 || total
-------------------------+-------+-------+-------++-------
Melee: Trident           |    97 |   161 |    61 ||   319
       Headbutt          |    12 |    16 |     8 ||    36
Throw: Throwing net      |       |       |     1 ||     1
  Use: Potion            |     2 |     6 |       ||     8
       Scroll            |     5 |     4 |     1 ||    10
 Stab: Sleeping          |     1 |       |       ||     1
       Distracted        |       |     1 |       ||     1
       Held in net/web   |       |       |     1 ||     1
  Eat: Chunk             |       |     5 |     1 ||     6
Armor: Leather armour    |    15 |    21 |    11 ||    47
       Skin              |       |     3 |       ||     3
Dodge: Dodged            |    66 |    71 |    24 ||   161
